 Dungeon Sprint DCSS version 0.15-b1-129-g6fffc38 (webtiles) character file.

0 staplegun the Cudgeler (level 3, 0/37 HPs)
             Began as a Minotaur Berserker on Aug 27, 2014.
             Was a Follower of Trog.
             Splashed by a jelly's acid (15 damage)
             ... in the Dungeon (Sprint VI: "Thunderdome").
             The game lasted 00:00:25 (46 turns).

staplegun the Cudgeler (Minotaur Berserker)           Turns: 46, Time: 00:00:25

HP   0/37        AC -2     Str 22      XL: 3   Next: 12%
MP   2/2         EV 12     Int  4      God: Trog [*.....]
Gold 0           SH  0     Dex  9      Spells:  0 memorised,  2 levels left

rFire  . . .     SeeInvis .     a - +0 mace
rCold  . . .     Clarity  .     b - +0 animal skin
rNeg   . . .     rCorr    .     (no shield)
rPois  .         rRot     .     (helmet restricted)
rElec  .         Spirit   .     (no cloak)
SustAb .         Warding  .     (no gloves)
rMut   .         NoTele   +     (no boots)
Gourm  .                        (no amulet)
MR     .....                    (no ring)
                                (no ring)

@: corroded equipment, not resistant to hostile enchantments, very unstealthy
A: retaliatory headbutt, horns 2
a: Burn Spellbooks, Berserk, Renounce Religion


You were in the Dungeon.
You worshipped Trog.
Trog was aware of your devotion.
You were not hungry.

You visited 1 branch

Inventory:

Hand weapons
 a - a +0 mace (weapon)
Armour
 b - a +0 animal skin (worn)
Comestibles
 c - a bread ration
Scrolls
 i - a scroll of blinking
Potions
 d - a potion of curing
 e - a potion of heal wounds
 f - a potion of haste
 g - 2 potions of magic
 h - a potion of berserk rage


   Skills:
 + Level 5.7 Fighting
 + Level 6.1 Maces & Flails
 + Level 3.4 Armour
 - Level 3.0 Dodging


You had 2 spell levels left.
You didn't know any spells.

Dungeon Overview and Level Annotations

Branches:
Dungeon (1/1)

Altars:
Cheibriados
Dithmenos
Elyvilon
Fedhas
Kikubaaqudgha
Makhleb
Nemelex Xobeh
Okawaru
Qazlal
Vehumet
Yredelemnul
The Shining One
Lugonu

Shops:
D **[(!!!!


Innate Abilities, Weirdness & Mutations

You reflexively headbutt those who attack you in melee.
You have a pair of horns on your head.


Message History

Your Armour skill increases to level 3!
Your Dodging skill increases to level 3!
You have reached level 2!
You have reached level 3!
Your experience leads to an increase in your attributes!
Increase (S)trength, (I)ntelligence, or (D)exterity?
You feel stronger.
Found a white marble altar of Elyvilon.
Found Plog's Do-It-Yourself Clinic.
Found Daxt's Bottled Wisdom.
Found a burning altar of Makhleb and a corrupted altar of Lugonu.
Found Griene Rael's Distillery and Dojauje's Distillery.
A jelly comes into view.
Found a shadowy altar of Dithmenos.
You hit the jelly but do no damage. The jelly hits you.
You are splashed with acid!
The acid corrodes your equipment!
The acid burns!
You thump the jelly!
The jelly is heavily wounded.
The jelly hits you.
You are splashed with acid!
The acid burns!
You die...

. .......### ...........⌠#
.8... .....8.###### ......
#......_._∩## ..8.
#.8........∩### ...
..###.............# ....
#...###..........⌠ .....
#.<.# #..........⌠#
......###...###@.........⌠#
.........###...J.........##
.......8.# #.8........∩###
_._......###......___∩##
####.8.........8.######
#⌠...........§#
###.........### #_......._#
#_......._#


You could see a jelly.

Vanquished Creatures
  A jelly (D)
  An ooze (D)
2 creatures vanquished.

Notes
Turn   | Place    | Note
--------------------------------------------------------------
     0 | D        | staplegun, the Minotaur Berserker, began the quest for the Orb.
     0 | D        | Reached XP level 1. HP: 19/19 MP: 1/1
     0 | D        | Found a snail-covered altar of Cheibriados.
     0 | D        | Found a blossoming altar of Fedhas.
     1 | D        | Found an ancient bone altar of Kikubaaqudgha.
     2 | D        | Found a stormy altar of Qazlal.
     2 | D        | Found a basalt altar of Yredelemnul.
     3 | D        | Found a sparkling altar of Nemelex Xobeh.
     3 | D        | Found an iron altar of Okawaru.
     3 | D        | Found Jogemo's Premium Goods.
     3 | D        | Found Mur Uryr's Miscellaneous Merchandise.
     5 | D        | Found Ughia's Weapon Rack.
     5 | D        | Found Haleinil's Basic Armour.
     5 | D        | Round 1.
     7 | D        | Found a glowing golden altar of the Shining One.
     8 | D        | Found a radiant altar of Vehumet.
    17 | D        | Reached skill level 4 in Maces & Flails
    23 | D        | Noticed a jelly
    30 | D        | Killed a jelly
    30 | D        | Reached skill level 5 in Fighting
    30 | D        | Reached skill level 6 in Maces & Flails
    30 | D        | Reached XP level 2. HP: 20/30 MP: 1/1
    30 | D        | Reached XP level 3. HP: 24/37 MP: 2/2
    33 | D        | Found a white marble altar of Elyvilon.
    34 | D        | Found Plog's Do-It-Yourself Clinic.
    35 | D        | Found Daxt's Bottled Wisdom.
    36 | D        | Found a burning altar of Makhleb.
    36 | D        | Found a corrupted altar of Lugonu.
    37 | D        | Found Griene Rael's Distillery.
    37 | D        | Found Dojauje's Distillery.
    41 | D        | Found a shadowy altar of Dithmenos.
    46 | D        | Splashed by a jelly's acid

Action                   || total
-------------------------++-------
Melee: Mace              ||    11
